 Dungeon Crawl Stone Soup version 0.30-a0-757-ga6a79fd877 (webtiles) character file.

Game seed: 3712871614970254406

43 jlumianski the Grave Robber (level 3, 0/26 HPs)
             Began as a Ghoul Necromancer on Feb 10, 2023.
             Slain by a goblin
             ... wielding a +0 club
              (3 damage)
             ... on level 2 of the Dungeon.
             The game lasted 00:12:00 (1080 turns).

jlumianski the Grave Robber (Ghoul Necromancer)     Turns: 1080, Time: 00:12:01

Health: 0/26       AC:  2    Str: 11    XL:     3   Next: 58%
Magic:  3/5        EV: 12    Int: 12    God:
Gold:   38         SH:  0    Dex:  9    Spells: 5/6 levels left

rFire   . . .      SeeInvis .      - Unarmed
rCold   + . .      Faith    .    (no shield)
rNeg    + + +      Spirit   .    a - +0 robe
rPois   ∞          Reflect  .    (no helmet)
rElec   .          Harm     .    (no cloak)
rCorr   .          Rampage  .    (no gloves)
Will    .....                    (no boots)
Stlth   ++                       (no amulet)
HPRegen 0.00/turn                (no ring)
MPRegen 0.09/turn                (no ring)

@: inhibited regen
A: claws 1, cold resistance 1, negative energy resistance 3, inhibited
regeneration, torment resistance 2, devour on kill
a: no special abilities


You were on level 2 of the Dungeon.
You visited 1 branch of the dungeon, and saw 2 of its levels.

You collected 38 gold pieces.

Inventory:

Armour
 a - a +0 robe (worn)
Scrolls
 c - a scroll of brand weapon {unknown}
 d - a scroll of noise {unknown}
 e - a scroll of identify {unknown}
 f - a scroll of fear {unknown}
Potions
 b - a potion of magic
 g - 2 potions of lignification {unknown}


   Skills:
 + Level 2.0 Dodging
 + Level 2.2 Stealth
 * Level 1.0 Unarmed Combat
 + Level 2.1 Spellcasting
 + Level 4.6 Necromancy


You had 5 spell levels left.
You knew the following spells:

 Your Spells              Type           Power      Damage    Failure   Level
a - Necrotise             Necr           48%        1d6       4%          1

Your spell library contained the following spells:

 Spells                   Type           Power      Damage    Failure   Level
 Vampiric Draining        Necr           12%        2d6       12%         3
 Animate Dead             Necr           12%        N/A       36%         4
 Inner Flame              Hex/Fire       1%         N/A       63%         3
 Agony                    Necr           12%        N/A       73%         5
 Cause Fear               Hex            0%         N/A       95%         4
 Manifold Assault         Tloc           1%         N/A       95%         4
 Dispersal                Tloc           0%         N/A       100%        6
 Discord                  Hex            0%         N/A       100%        8
 Disjunction              Tloc           0%         N/A       100%        8


Dungeon Overview and Level Annotations

Branches:
Dungeon (2/15)

Altars:


Innate Abilities, Weirdness & Mutations

You are immune to poison.
You have sharp fingernails.
Your flesh is cold resistant. (rC+)
You are immune to negative energy. (rN+++)
You do not regenerate when monsters are visible.
You are immune to unholy pain and torment.
You thrive by killing the living.


Message History

You closely miss the quokka. The quokka bites you.
You barely miss the quokka. The quokka barely misses you.
You scratch the quokka.
The quokka is almost dead.
The quokka bites you. x2
You scratch the quokka.
You kill the quokka!
You feel better.
You now have 38 gold pieces (gained 8).
You pick up a book of Hexes and begin reading...
You add the spells Inner Flame, Cause Fear and Discord to your library.
You see here a quokka corpse.
You see here a +0 robe.
A goblin comes into view. It is wielding a +0 club.
A kobold comes into view. It is wielding a +0 short sword.
The goblin shouts!
The kobold shouts!
A worm comes into view.
Found a white potion.
The goblin misses you. The goblin attacks as you move away!
The goblin hits you with a +0 club.
You see here a +0 robe.
You scratch the goblin but do no damage.
The goblin hits you with a +0 club.
* * * LOW HITPOINT WARNING * * *
Casting: Necrotise (safe; 4% risk of failure)
Confirm with . or Enter, or press ? or * to list all spells.
Aiming: Necrotise (safe; 4% risk of failure)
Press: ? - help, Shift-Dir - straight line, f - goblin
Aim: a goblin, wielding a +0 club (chance to affect: 81%)
The goblin writhes in agony.
The goblin hits you with a +0 club.
* * * LOW HITPOINT WARNING * * *
Casting: Necrotise (safe; 4% risk of failure)
Confirm with . or Enter, or press ? or * to list all spells.
Aiming: Necrotise (safe; 4% risk of failure)
Press: ? - help, Shift-Dir - straight line, f/p - goblin
Aim: a goblin, wielding a +0 club (moderately wounded, chance to affect: 81%)
The goblin writhes in agony.
The goblin hits you with a +0 club.
* * * LOW HITPOINT WARNING * * *
The goblin attacks as you move away! The goblin hits you with a +0 club.
You die...

#.....#
#.##..#.#.
#.###.#
#.##.)#...
#.# #.#
#.##..##..
#.###.##
#.##..##..
#.##...##
#.##..##..
#.#.....###
#.##..###.
.#........#
#.##..# ##
###.....#.#
#.##..#
#.#.†@...#
...#
.#.####g###.#
#.##
.......K# ..
###.####w# .
##..w....
#.!.##.
...... ..###
###


You could see a worm, a goblin and a kobold.

Vanquished Creatures
  An adder (D:2)
  A dart slug (D:1)
  7 bats
  3 giant cockroaches (D:1)
  4 goblins
  A hobgoblin (D:2)
  3 jackals
  2 kobolds
  2 quokkas
  A ball python (D:2)
  2 frilled lizards (D:1)
  2 rats (D:1)
29 creatures vanquished.

Notes
Turn   | Place    | Note
-------+----------+-------------------------------------------
     0 | D:1      | jlumianski the Ghoul Necromancer began the quest for the
                  | Orb.
     0 | D:1      | Reached XP level 1. HP: 14/14 MP: 2/2
   169 | D:1      | Reached XP level 2. HP: 15/20 MP: 0/3
   814 | D:1      | Reached XP level 3. HP: 24/26 MP: 3/5
  1012 | D:2      | Reached skill level 1 in Unarmed Combat
  1080 | D:2      | Slain by a goblin

Illustrated notes

Levels and vault maps discovered:
D:1:      dpeg_arrival_renting, layout_rooms
D:2:      layout_loops_ring, uniq_jessica, uniq_terence

Skill      XL: |  1  2  3 |
---------------+----------+-----
Spellcasting   | 2 |  2.1
Dodging        | 2 |  2.0
Unarmed Combat | 1 |  1.0
Stealth        | |  2.2
Necromancy     | |  4.6

Action                     || total
---------------------------++-------
  Melee: Unarmed           ||    53
         Punch             ||     1
   Cast: Necrotise         ||    33
   Stab: Sleeping          ||     1
 Armour: Robe              ||    25
  Dodge: Dodged            ||    81

Table legend: (Time is in decaauts)
 A = Elapsed time spent in this place.
 B = Non-inter-level travel time spent in this place.
 C = Inter-level travel time spent in this place.
 D = Time resting spent in this place.
 E = Time spent auto-exploring this place.
 F = Levels seen in this place.
 G = Mean time per level.
                   A        B        C        D        E       F      G
               +--------+--------+--------+--------+--------+-----+--------+
         Total |   1084 |   1074 |     10 |    100 |    445 |   2 |  542.0 |
       Dungeon |   1084 |   1074 |     10 |    100 |    445 |   2 |  542.0 |
               +--------+--------+--------+--------+--------+-----+--------+

Top non-repeatable levels by time:
     D:1: 787 daAuts
     D:2: 297 daAuts
